 Dungeon Crawl Stone Soup version 0.31-a0-1008-g5b978dac0e (webtiles) character file.

Game seed: 13134592104468387260

21 Pixllover the Chopper (level 2, 0/27 HPs)
             Began as a Hill Orc Monk on Nov 13, 2023.
             Slain by a quokka (4 damage)
             ... on level 2 of the Dungeon.
             The game lasted 00:00:56 (1043 turns).

Pixllover the Chopper (Hill Orc Monk)               Turns: 1043, Time: 00:00:56

Health: 0/27       AC:  2    Str: 13    XL:     2   Next: 83%
Magic:  2/2        EV: 12    Int: 10    God:
Gold:   36         SH:  0    Dex: 13    Spells: 1/1 levels left

rFire   . . .        a - +0 hand axe
rCold   . . .        d - orb {light}
rNeg    . . .        b - +0 robe
rPois   .            (no helmet)
rElec   .            (no cloak)
rCorr   .            (no gloves)
SInv    .            (no boots)
Will    .....        (no amulet)
Stlth   +            (no ring)
HPRegen 0.24/turn    (no ring)
MPRegen 0.08/turn

%: no passive effects
@: lethally poisoned (0 -> -4), glowing
A: no striking features
a: no special abilities


You were on level 2 of the Dungeon.
You visited 1 branch of the dungeon, and saw 2 of its levels.

You collected 36 gold pieces.

Inventory:

Hand Weapons
 a - a +0 hand axe (weapon)
Armour
 b - a +0 robe (worn)
 d - an orb of light (worn)
Scrolls
 e - a scroll of teleportation {unknown}
 f - a scroll of identify {unknown}
 h - a scroll of vulnerability {unknown}
Potions
 c - a potion of ambrosia
 g - 2 potions of brilliance {unknown}


   Skills:
 + Level 4.0 Fighting
 + Level 4.5 Axes
 + Level 2.7 Dodging


You had one spell level left.
You didn't know any spells.
Your spell library contained the following spells:

 Spells                   Type           Power      Damage    Failure   Level
 Apportation              Tloc           0%         N/A       36%         1
 Necrotise                Necr           0%         1d4       36%         1
 Sting                    Tmut/Pois      0%         1d3       36%         1
 Summon Small Mammal      Summ           0%         N/A       36%         1
 Poisonous Vapours        Pois/Air       0%         N/A       50%         2
 Olgreb's Toxic Radiance  Pois           0%         N/A       98%         4
 Malign Gateway           Summ/Tloc      0%         N/A       100%        7
 Summon Horrible Things   Summ           0%         N/A       100%        8


Dungeon Overview and Level Annotations

Branches:
Dungeon (2/15)

Altars:


Message History

The adder hisses angrily.
The dart slug launches a dart at you. The slug dart misses you.
The goblin unwields a +0 club.
The goblin wields a +0 sling.
The goblin shoots a sling bullet.
The sling bullet misses you.
You hit the kobold.
You kill the kobold!
The goblin shoots a sling bullet.
The sling bullet misses you.
The quokka twitches its whiskers.
Things that are here:
a +0 dagger; a kobold corpse You hit the quokka but do no damage.
The goblin shoots a sling bullet.
The sling bullet hits you.
A ball python comes into view.
The quokka closely misses you.
The goblin shoots a sling bullet.
The sling bullet hits you.
You hit the quokka but do no damage. You hit the adder. You hit the quokka.
The quokka barely misses you. The quokka closely misses you.
The adder bites you but does no damage. The quokka barely misses you.
The quokka misses you.
You barely miss the quokka. You hit the adder.
You hit the quokka but do no damage. The adder bites you.
You are poisoned.
The adder poisons you! The quokka bites you. The quokka barely misses you.
You hit the quokka.
The quokka is almost dead.
You barely miss the quokka. You hit the adder.
You feel sick. The adder misses you. The quokka bites you.
The quokka closely misses you. The adder bites you.
You are more poisoned.
The adder poisons you!
You barely miss the quokka.
The quokka is almost dead.
You closely miss the adder. You hit the quokka but do no damage.
You feel sick. The quokka bites you. The quokka closely misses you.
The adder bites you.
* * * LOW HITPOINT WARNING * * *
The quokka bites you.
* * * LOW HITPOINT WARNING * * *
The quokka bites you.
You die...

########## ###
#........# ..#
#........#
#.######....>...###
#......#...<.......
.#####..........##
.# ##.........####
. .#
#..........g!#....
.###
#.####...r@rS.....
... #..#
#.....Sw.....
.###...##
#..).......... .#
##.. #.............
.## ##.
#............. ..##
#. ............!..
...#
#..............
...(.
...............
.....


You could see an adder, a dart slug, 2 quokkas, a goblin and a ball python.

Vanquished Creatures
  A ball python (D:1)
  2 endoplasms (D:1)
  A giant cockroach (D:1)
  4 goblins (D:1)
  A hobgoblin (D:1)
  A quokka (D:1)
  3 bats (D:1)
  2 frilled lizards (D:1)
  3 kobolds
  A rat (D:1)
19 creatures vanquished.

Notes
Turn   | Place    | Note
-------+----------+-------------------------------------------
     0 | D:1      | Pixllover the Hill Orc Monk began the quest for the Orb.
     0 | D:1      | Reached XP level 1. HP: 19/19 MP: 1/1
   105 | D:1      | Reached XP level 2. HP: 27/27 MP: 2/2
  1043 | D:2      | Slain by a quokka

Illustrated notes

Levels and vault maps discovered:
D:1:      minmay_arrival_semitransparent, layout_basic, serial_forest,
          infiniplex_forest_clump_small, infiniplex_forest_straight_4,
          infiniplex_forest_straight_2, infiniplex_forest_lined_3,
          infiniplex_forest_clump_cross, infiniplex_forest_corner_2,
          infiniplex_forest_lined_3, infiniplex_forest_3_way,
          infiniplex_forest_clump_medium
D:2:      layout_rooms, corexii_shack, hangedman_abyss_or_decor_lesser_grid

Skill      XL: |  1  2 |
---------------+-------+-----
Fighting       | 4 |  4.0
Axes           | |  4.5
Dodging        | |  2.7

Action                     || total
---------------------------++-------
  Melee: Hand axe          ||    52
 Armour: Robe              ||    34
  Dodge: Dodged            ||    53

Table legend: (Time is in decaauts)
 A = Elapsed time spent in this place.
 B = Non-inter-level travel time spent in this place.
 C = Inter-level travel time spent in this place.
 D = Time resting spent in this place.
 E = Time spent auto-exploring this place.
 F = Levels seen in this place.
 G = Mean time per level.
                   A        B        C        D        E       F      G
               +--------+--------+--------+--------+--------+-----+--------+
         Total |   1047 |   1030 |     17 |      0 |    818 |   2 |  523.5 |
       Dungeon |   1047 |   1030 |     17 |      0 |    818 |   2 |  523.5 |
               +--------+--------+--------+--------+--------+-----+--------+

Top non-repeatable levels by time:
     D:1: 1005 daAuts
     D:2: 42 daAuts
